 Dungeon Crawl Stone Soup version 0.31-a0-365-gcf821cafb2 (webtiles) character file.

Game seed: 711932756821011444

101 freelancePsychic the Sneak (level 4, -2/33 HPs)
             Began as a Mummy Wanderer on July 27, 2023.
             Slain by Natasha (5 damage)
             ... on level 2 of the Dungeon.
             The game lasted 00:03:14 (951 turns).

freelancePsychic the Sneak (Mummy Wanderer)          Turns: 951, Time: 00:03:15

Health: -2/33      AC:  4    Str: 17    XL:     4   Next: 48%
Magic:  4/4        EV: 11    Int:  8    God:
Gold:   89         SH:  0    Dex: 14    Spells: 3/3 levels left

rFire   x . .        j - +2 dagger (venom)
rCold   + . .        (no shield)
rNeg    + + +        g - +1 leather armour
rPois   ∞            (no helmet)
rElec   .            (no cloak)
rCorr   .            (no gloves)
SInv    .            (no boots)
Will    .....        (no amulet)
Stlth   ++           (no ring)
HPRegen 0.25/turn    (no ring)
MPRegen 0.09/turn

%: faith
@: no status effects
A: cold resistance 1, negative energy resistance 3, torment resistance 2, heat
vulnerability 1, in touch with death 1, no potions, faith
a: no special abilities


You were on level 2 of the Dungeon.
You visited 1 branch of the dungeon, and saw 2 of its levels.

You collected 89 gold pieces.

Inventory:

Hand Weapons
 a - a +2 dagger
 c - a +0 hand axe
 e - a +0 dagger
 j - a +2 dagger of venom (weapon)
Armour
 b - a +0 ring mail
 g - a +1 leather armour (worn)
Scrolls
 f - a scroll of fog
 h - a scroll of revelation


   Skills:
 + Level 2.1 Fighting
 * Level 2.3 Short Blades
 - Level 2.4(2.5) Axes
 - Level 0.9(1.8) Maces & Flails
 + Level 2.6 Throwing
 - Level 3.2 Stealth


You had 3 spell levels left.
You didn't know any spells.
Your spell library contained the following spells:

 Spells                   Type           Power      Damage    Failure   Level
 Magic Dart               Conj           0%         1d3       47%         1
 Call Imp                 Summ           0%         N/A       63%         2
 Mephitic Cloud           Conj/Pois/Air  0%         N/A       85%         3


Dungeon Overview and Level Annotations

Branches:
Dungeon (2/15)

Altars:

Annotations:
D:2 Natasha


Innate Abilities, Weirdness & Mutations

You are immune to poison.
Your flesh is cold resistant. (rC+)
You are immune to negative energy. (rN+++)
You are immune to unholy pain and torment.
You are vulnerable to heat. (rF-)
You are in touch with the powers of death.
You do not drink.
You have a special connection with the divine. (Faith)


Message History

You barely miss Natasha. Natasha claws you.
You hit Natasha but do no damage.
Natasha is poisoned.
Natasha stares at you and mumbles some strange words.
You resist with some effort. Natasha claws you!
You completely miss Natasha. Natasha casts a spell at you.
The magic dart hits you.
You are too injured to fight recklessly!
You are too injured to fight recklessly!
You hit Natasha.
Natasha is heavily wounded.
Natasha claws you!
You hit Natasha but do no damage.
Natasha is heavily wounded.
Natasha mewls in sadness.
Natasha claws you but does no damage.
You barely miss Natasha.
Natasha is heavily wounded.
Natasha stares at you and mumbles some strange words.
The magic dart hits you. Natasha casts a spell at you. The magic dart hits you.
* * * LOW HITPOINT WARNING * * *
You closely miss Natasha.
Natasha is heavily wounded.
You feel yourself speed up. Natasha claws you.
* * * LOW HITPOINT WARNING * * *
You can't drink.
Unknown command.
You closely miss Natasha.
Natasha is heavily wounded.
Natasha claws you.
* * * LOW HITPOINT WARNING * * *
You hit Natasha but do no damage.
Natasha looks even sicker.
Natasha is severely wounded.
Natasha howls an incantation.
Natasha glows brightly for a moment.
Natasha claws you.
You die...

.....##(#...............
.......(.........>#.....
########.#.............#.
#......#.#.#######.#...#.
#......#.#.# #.#...#.
#......#.#.# #.#.....
#......#.#.# #.#.....
#.....[#h#.# #.#.....
#......#@#.# #.#.....
#......#.#.# #.#.....
#......#.#.# #.#.....
#......#.# ####.#....|
#......#.# .........#.
#....<...# ###.#.....
########## #.#..... #
#....... #.###.######


You could see Natasha (very poisoned).

Vanquished Creatures
  Natasha (twice) (D:2)
  An adder (D:2)
  A worm (D:2)
  2 dart slugs
  3 ball pythons
  A bat (D:1)
  3 giant cockroaches (D:1)
  3 goblins
  A hobgoblin (D:1)
  7 jackals
  3 kobolds
  A quokka (D:1)
  2 frilled lizards (D:1)
  4 rats
34 creatures vanquished.

Notes
Turn   | Place    | Note
-------+----------+-------------------------------------------
     0 | D:1      | freelancePsychic the Mummy Wanderer began the quest for the
                  | Orb.
     0 | D:1      | freelancePsychic set off with the following items: a +2
                  | dagger, a scroll of blinking, a +0 hand axe, 11 poisoned
                  | darts, a +0 dagger, a scroll of fog, a +0 leather armour.
     0 | D:1      | Reached XP level 1. HP: 13/13 MP: 1/1
   112 | D:1      | Reached XP level 2. HP: 5/20 MP: 2/2
   285 | D:1      | Reached skill level 1 in Fighting
   387 | D:1      | Reached skill level 1 in Short Blades
   551 | D:2      | Gained mutation: You are in touch with the powers of death.
                  | [Mummy growth]
   551 | D:2      | Reached XP level 3. HP: 26/26 MP: 3/3
   727 | D:2      | Noticed Natasha
   819 | D:2      | Killed Natasha
   820 | D:2      | Reached XP level 4. HP: 32/33 MP: 4/4
   837 | D:2      | Noticed Natasha
   847 | D:2      | Killed Natasha
   934 | D:2      | Noticed Natasha
   951 | D:2      | Slain by Natasha

Illustrated notes

Levels and vault maps discovered:
D:1:      tarquinn_simple_flora_water_b, layout_rooms, minmay_statues_item
D:2:      layout_basic, palyth_stone_intersect, uniq_natasha

Skill      XL: |  1  2  3  4 |
---------------+-------------+-----
Fighting       | 1 2 |  2.1
Short Blades   | 1 2 |  2.3
Axes           | |  2.4
Maces & Flails | |  0.9
Throwing       | |  2.6
Stealth        | |  3.2

Action                     |  1- 3 |  4- 6 || total
---------------------------+-------+-------++-------
  Melee: Dagger            |    85 |    10 ||    95
         Punch             |     1 |       ||     1
  Throw: Dart              |     5 |     8 ||    13
    Use: Scroll            |     5 |       ||     5
   Stab: Sleeping          |     3 |       ||     3
 Armour: Leather armour    |    25 |     2 ||    27
  Dodge: Dodged            |    52 |     1 ||    53

Table legend: (Time is in decaauts)
 A = Elapsed time spent in this place.
 B = Non-inter-level travel time spent in this place.
 C = Inter-level travel time spent in this place.
 D = Time resting spent in this place.
 E = Time spent auto-exploring this place.
 F = Levels seen in this place.
 G = Mean time per level.
                   A        B        C        D        E       F      G
               +--------+--------+--------+--------+--------+-----+--------+
         Total |    950 |    929 |     21 |     62 |    563 |   2 |  475.0 |
       Dungeon |    950 |    929 |     21 |     62 |    563 |   2 |  475.0 |
               +--------+--------+--------+--------+--------+-----+--------+

Top non-repeatable levels by time:
     D:1: 574 daAuts
     D:2: 376 daAuts
